 Dungeon Crawl Stone Soup version 0.29-a0-422-gafbd6decc1 (webtiles) character file.

Game seed: 10187200940809177937

25 ptdevnull the Ducker (level 3, 0/28 HPs)
             Began as a Merfolk Gladiator on May 19, 2022.
             Slain by Natasha (2 damage)
             ... on level 2 of the Dungeon.
             The game lasted 00:02:18 (1256 turns).

ptdevnull the Ducker (Merfolk Gladiator)            Turns: 1256, Time: 00:02:19

Health: 0/28       AC:  4    Str: 14    XL:     3   Next: 4%
Magic:  3/3        EV: 13    Int:  7    God:
Gold:   58         SH:  5    Dex: 17    Spells: 2/2 levels left

rFire   . . .      SeeInvis .   a - +0 long sword
rCold   . . .      Faith    .   (no shield)
rNeg    . . .      Spirit   .   b - +0 leather armour
rPois   .          Reflect  +   c - +0 helmet
rElec   .          Harm     .   (no cloak)
rCorr   .          Rampage  .   (no gloves)
Will    .....                   (no boots)
Stlth   +.........              g - amulet of reflection
HPRegen 0.09/turn               (no ring)
MPRegen 0.08/turn               (no ring)

@: flying
A: (nimble swimmer 2), mertail
a: no special abilities


You were on level 2 of the Dungeon.
You visited 1 branch of the dungeon, and saw 2 of its levels.

You collected 58 gold pieces.

Inventory:

Hand Weapons
 a - a +0 long sword (weapon)
Missiles
 d - 3 throwing nets (quivered)
 e - a javelin
 l - 3 atropa-tipped darts
 m - 6 poisoned darts
Armour
 b - a +0 leather armour (worn)
 c - a +0 helmet (worn)
Jewellery
 g - an amulet of reflection (around neck)
Scrolls
 h - a scroll of vulnerability {unknown}
 j - 2 scrolls of identify {unknown}
 k - a scroll of fog {unknown}
Potions
 f - a potion of haste {unknown}
 i - a potion of flight


   Skills:
 + Level 2.6 Fighting
 * Level 4.3 Long Blades
 - Level 2.0 Throwing
 + Level 4.4 Dodging


You had 2 spell levels left.
You didn't know any spells.
Your spell library was empty.

Dungeon Overview and Level Annotations

Branches:
Dungeon (2/15)

Altars:

Annotations:
D:2 Natasha


Innate Abilities, Weirdness & Mutations

((You are very nimble when in or above water. (Stealth+, EV+, Speed+++)))
Your lower body shifts to a powerful aquatic tail in water.


Message History

The crimson imp is severely wounded.
The crimson imp hits you. Something claws you!
You barely miss the crimson imp.
The crimson imp is severely wounded.
You block the crimson imp's attack. Something claws you.
You miss something.
The crimson imp hits you but does no damage.
Something claws you. The crimson imp completely misses you.
You miss something. Something barely misses you.
You block the crimson imp's attack.
You barely miss something. You block something's attack.
The crimson imp hits you but does no damage.
Something claws you.
* * * LOW HITPOINT WARNING * * *
You barely miss something. The crimson imp misses you.
You block something's attack.
You completely miss something. The crimson imp closely misses you.
Something claws you but does no damage.
You closely miss something. The crimson imp misses you.
Something barely misses you.
You hit something. You block the crimson imp's attack.
You hear some strange, mumbled words.
A magic dart appears from out of thin air!
The magic dart hits you but does no damage.
The crimson imp misses you.
You closely miss something. Something claws you but does no damage.
The crimson imp disappears for a moment.
The crimson imp misses you. Something claws you.
* * * LOW HITPOINT WARNING * * *
You closely miss something.
The crimson imp hits you but does no damage.
You hear some strange, mumbled words.
A magic dart appears from out of thin air!
The magic dart hits you.
* * * LOW HITPOINT WARNING * * *
It was a potion of flight.
You feel very buoyant.
You fly up into the air.
You block the crimson imp's attack. Something claws you.
You die...

#.# #.# #.# #.# ##
#.# ##.##.# ###.#
####.....###......
+.......5@{......$
###....####.###.#
##.#.# # ###.##
###...# #+#
#.....# #.#
#.#...# #.#
#.##### ##.## #.#


You could see a crimson imp (summoned).

Vanquished Creatures
  5 ball pythons
  2 bats
  An endoplasm (D:1)
  2 hobgoblins (D:2)
  4 jackals (D:2)
  A quokka (D:1)
  4 goblins
  A kobold (D:2)
  2 rats
22 creatures vanquished.

Notes
Turn   | Place    | Note
-------+----------+-------------------------------------------
     0 | D:1      | ptdevnull the Merfolk Gladiator began the quest for the
                  | Orb.
     0 | D:1      | Reached XP level 1. HP: 16/16 MP: 1/1
   476 | D:1      | Reached XP level 2. HP: 23/23 MP: 2/2
  1118 | D:2      | Reached XP level 3. HP: 28/28 MP: 3/3
  1238 | D:2      | Noticed Natasha
  1256 | D:2      | Slain by Natasha

Illustrated notes

Levels and vault maps discovered:
D:1:      minmay_arrival_shattered_statue, layout_basic
D:2:      layout_loops_corners, grunt_ministairs_3, uniq_robin, uniq_natasha

Skill      XL: |  1  2 |
---------------+-------+-----
Long Blades    | 4 |  4.3
Fighting       | |  2.6
Throwing       | |  2.0
Dodging        | |  4.4

Action                   || total
-------------------------++-------
Melee: Long sword        ||    77
  Use: Potion            ||     1
Armor: Leather armour    ||    26
Dodge: Dodged            ||    82
Block: Other             ||     9

Table legend: (Time is in decaauts)
 A = Elapsed time spent in this place.
 B = Non-inter-level travel time spent in this place.
 C = Inter-level travel time spent in this place.
 D = Time resting spent in this place.
 E = Time spent auto-exploring this place.
 F = Levels seen in this place.
 G = Mean time per level.
                   A        B        C        D        E       F      G
               +--------+--------+--------+--------+--------+-----+--------+
         Total |   1270 |   1233 |     37 |    356 |    669 |   2 |  635.0 |
       Dungeon |   1270 |   1233 |     37 |    356 |    669 |   2 |  635.0 |
               +--------+--------+--------+--------+--------+-----+--------+

Top non-repeatable levels by time:
     D:1: 893 daAuts
     D:2: 377 daAuts
